 Dungeon Crawl Stone Soup version 0.30-a0-737-gf23d94013f (webtiles) character file.

Game seed: 14078309775488832128

18 Lavandula the Slasher (level 2, -5/24 HPs)
             Began as a Human Monk on Feb 2, 2023.
             Slain by Natasha (9 damage)
             ... on level 2 of the Dungeon.
             The game lasted 00:02:07 (1182 turns).

Lavandula the Slasher (Human Monk)                  Turns: 1182, Time: 00:02:08

Health: -5/24      AC:  2    Str: 11    XL:     2   Next: 90%
Magic:  2/2        EV: 13    Int: 10    God:
Gold:   49         SH:  0    Dex: 15    Spells: 1/1 levels left

rFire   . . .      SeeInvis .    a - +0 falchion
rCold   . . .      Faith    .    (no shield)
rNeg    . . .      Spirit   .    b - +0 robe
rPois   .          Reflect  .    (no helmet)
rElec   .          Harm     .    (no cloak)
rCorr   .          Rampage  .    (no gloves)
Will    +....                    (no boots)
Stlth   ++                       m - amulet of regeneration
HPRegen 1.04/turn                i - ring of willpower
MPRegen 0.08/turn                (no ring)

@: mighty
A: no striking features
a: no special abilities


You were on level 2 of the Dungeon.
You visited 1 branch of the dungeon, and saw 2 of its levels.

You collected 85 gold pieces.
You spent 36 gold pieces at shops.

Inventory:

Hand Weapons
 a - a +0 falchion (weapon)
Armour
 b - a +0 robe (worn)
Jewellery
 i - a ring of willpower (left hand)
 m - an amulet of regeneration (around neck)
Scrolls
 d - 2 scrolls of identify {unknown}
 f - a scroll of enchant armour {unknown}
 k - a scroll of enchant weapon {unknown}
 l - a scroll of amnesia {unknown}
 n - a scroll of fear {unknown}
Potions
 g - a potion of degeneration {unknown}
 j - a potion of berserk rage {unknown}


   Skills:
 - Level 3.0 Fighting
 + Level 3.9 Long Blades
 - Level 3.0 Dodging
 - Level 2.0 Stealth


You had one spell level left.
You didn't know any spells.
Your spell library contained the following spells:

 Spells                   Type           Power      Damage    Failure   Level
 Ensorcelled Hibernation  Hex/Ice        0%         N/A       50%         2
 Spider Form              Tmut/Pois      0%         N/A       75%         3
 Anguish                  Hex/Necr       0%         N/A       98%         4


Dungeon Overview and Level Annotations

Branches:
Dungeon (2/15)

Altars:

Shops:
D:1 !

Annotations:
D:2 Natasha


Message History

You're too confused to move!
You bump into the rock wall.
Natasha barely misses you.
You bump into the rock wall.
Natasha stares at you and mumbles some strange words.
The magic dart hits you.
You bump into the rock wall.
You feel less invigorated.
You feel less confused. Natasha claws you!
The crimson imp blinks!
You completely miss Natasha.
Natasha extends her claws.
Natasha claws you.
You slash Natasha!
Natasha is heavily wounded.
The white imp disappears in a puff of smoke!
Natasha claws you but does no damage.
You closely miss Natasha.
Natasha is heavily wounded.
Natasha casts a spell at you. You resist with almost no effort.
You hit Natasha.
Natasha is heavily wounded.
Natasha stares at you and mumbles some strange words.
The magic dart hits you! Natasha claws you.
You barely miss Natasha.
Natasha is heavily wounded.
Natasha claws you.
* * * LOW HITPOINT WARNING * * *
You hit Natasha.
Natasha is heavily wounded.
Natasha claws you.
* * * LOW HITPOINT WARNING * * *
It was a potion of might.
You feel very mighty all of a sudden. Natasha completely misses you.
Okay, then.
You hit Natasha.
Natasha is almost dead.
The white imp summons a swarm of flies.
Natasha claws you!
You die...

#......# ###
#......##...
#.......#.#
####....'$#
#...5####
#....'..#
##...##5# #####
#...##h# #...#
#...##@# #...#
#...##.# #...#
#...##.# #...#
######.# #...#
#.# #...# #.#
#...# #.#
##...#########.#
#..............#


You could see Natasha and a white imp (summoned).

Vanquished Creatures
  A dart slug (D:1)
  2 bats (D:1)
  2 endoplasms (D:1)
  A giant cockroach (D:2)
  A hobgoblin (D:1)
  A quokka (D:1)
  2 ball pythons (D:1)
  A frilled lizard (D:1)
  2 kobolds
  4 rats
17 creatures vanquished.

Notes
Turn   | Place    | Note
-------+----------+-------------------------------------------
     0 | D:1      | Lavandula the Human Monk began the quest for the Orb.
     0 | D:1      | Reached XP level 1. HP: 18/18 MP: 1/1
   419 | D:1      | Reached XP level 2. HP: 5/24 MP: 2/2
   647 | D:1      | Found Ircher's Distillery.
   654 | D:1      | Bought a potion of curing for 36 gold pieces
  1152 | D:2      | Noticed Natasha
  1166 | D:2      | Noticed a crimson imp
  1182 | D:2      | Slain by Natasha

Illustrated notes

Levels and vault maps discovered:
D:1:      psy_arrival_dodecagon, layout_basic, serial_shops,
          nicolae_square_shop, dk_noncrumbling_3, serial_park_tiny_pond,
          serial_bayou_pond_b
D:2:      layout_basic, basic_altar, uniq_natasha, uniq_jessica

Action                     || total
---------------------------++-------
  Melee: Falchion          ||    58
    Use: Potion            ||     3
   Stab: Sleeping          ||     2
 Armour: Robe              ||     5
  Dodge: Dodged            ||    32

Table legend: (Time is in decaauts)
 A = Elapsed time spent in this place.
 B = Non-inter-level travel time spent in this place.
 C = Inter-level travel time spent in this place.
 D = Time resting spent in this place.
 E = Time spent auto-exploring this place.
 F = Levels seen in this place.
 G = Mean time per level.
                   A        B        C        D        E       F      G
               +--------+--------+--------+--------+--------+-----+--------+
         Total |   1189 |   1164 |     25 |      0 |   1003 |   2 |  594.5 |
       Dungeon |   1189 |   1164 |     25 |      0 |   1003 |   2 |  594.5 |
               +--------+--------+--------+--------+--------+-----+--------+

Top non-repeatable levels by time:
     D:1: 1050 daAuts
     D:2: 139 daAuts
